 Dungeon Crawl Stone Soup version 0.20.1-1-g8b1a95d (webtiles) character file.

130 equalderp2856 the Skirmisher (level 4, -3/35 HPs)
             Began as a Mummy Fighter on Oct 11, 2017.
             Slain by an orc priest (4 damage)
             ... on level 2 of the Dungeon.
             The game lasted 00:03:09 (2028 turns).

equalderp2856 the Skirmisher (Mummy Fighter)        Turns: 2028, Time: 00:03:10

Health: -3/35      AC:  6    Str: 19    XL:     4   Next: 90%
Magic:  4/4        EV:  7    Int:  8    God:
Gold:   150        SH:  9    Dex: 11    Spells: 3/3 levels left

rFire    x . .     SeeInvis .   a - +0 war axe
rCold    + . .     Gourm    .   c - +0 shield
rNeg     + + +     Faith    .   b - +0 scale mail
rPois    ∞         Spirit   .   (no helmet)
rElec    .         Reflect  .   (no cloak)
rCorr    .         Harm     .   (no gloves)
MR       .....                  (no boots)
Stlth    ..........             (no amulet)
Regen    0.2/turn               (no ring)
MPRegen  0.1/turn               (no ring)

@: no status effects
A: no food or potions, fire vulnerability, cold resistance 1, negative energy
resistance 3, torment resistance, unbreathing
a: no special abilities


You were on level 2 of the Dungeon.
You were not hungry.

You visited 1 branch of the dungeon, and saw 3 of its levels.

You collected 150 gold pieces.

Inventory:

Hand Weapons
 a - a +0 war axe (weapon)
Armour
 b - a +0 scale mail (worn)
 c - a +0 shield (worn)
Scrolls
 d - a scroll of blinking {unknown}
 e - a scroll of recharging {unknown}
 f - 2 scrolls of remove curse {unknown}
 g - 2 scrolls of identify {unknown}
 h - a scroll of enchant weapon {unknown}
 i - 3 scrolls of fear {unknown}
 j - a scroll of immolation {unknown}


   Skills:
 + Level 3.4 Fighting
 + Level 2.4 Axes
 + Level 2.9 Armour
 + Level 1.1 Dodging
 + Level 0.3 Stealth
 + Level 3.2 Shields


You had 3 spell levels left.
You didn't know any spells.

Dungeon Overview and Level Annotations

Branches:
Dungeon (3/15)

Altars:
Kikubaaqudgha
Qazlal
Uskayaw
Xom


Innate Abilities, Weirdness & Mutations

You do not eat or drink.
Your flesh is vulnerable to fire.
You are immune to poison.
Your flesh is cold resistant. (rC+)
You are immune to negative energy. (rN+++)
You are immune to unholy pain and torment.
You can survive without breathing.


Message History

You slash the orc priest!
The orc priest is heavily wounded.
You miss the jackal. The jackal barely misses you. The orc priest hits you.
The jackal bites you but does no damage.
The orc priest barely misses you.
You closely miss the orc priest.
The orc priest is heavily wounded.
Your shield and scale mail prevent you from hitting the jackal.
You block the jackal's attack. The jackal bites you.
* * * LOW HITPOINT WARNING * * *
The orc priest barely misses you. You block the jackal's attack.
You slash the orc priest!
The orc priest is almost dead.
You miss the jackal.
The orc priest mumbles some strange prayers to Beogh against you.
Beogh smites you!
* * * LOW HITPOINT WARNING * * *
The jackal bites you but does no damage.
The orc priest hits you.
You die...

.###########################
.# .######### .........#
############ ########.#
#..........# #!#
#.########.# #.# ### #....##
##.## #.#
##h###.)...###...###
#.#####.#@#............(..
#......###o......###...###
#######.#.#.....## ##.##
##.###.#### #.# ### #.# #.#
#.########.# #..........#
############


You could see an orc priest and a jackal.

Vanquished Creatures
  7 adders
  A worm (D:2)
  A dart slug (D:2)
  5 leopard geckos
  4 orcs
  A giant cockroach (D:1)
  4 goblins
  7 hobgoblins
  4 jackals
  7 kobolds
  3 bats
  4 frilled lizards
  10 rats
  A plant (D:1)
59 creatures vanquished.

Notes
Turn   | Place    | Note
-------+----------+-------------------------------------------
     0 | D:1      | equalderp2856 the Mummy Fighter began the quest for the Orb.
     0 | D:1      | Reached XP level 1. HP: 18/18 MP: 1/1
   179 | D:1      | Reached XP level 2. HP: 20/24 MP: 2/2
   413 | D:1      | Reached XP level 3. HP: 24/29 MP: 3/3
   910 | D:2      | Found a stormy altar of Qazlal.
   925 | D:2      | Noticed a dagger
   927 | D:2      | Noticed a hand axe
   929 | D:2      | Found a hide-covered altar of Uskayaw.
   993 | D:2      | Reached XP level 4. HP: 22/35 MP: 4/4
  1009 | D:2      | Found an ancient bone altar of Kikubaaqudgha.
  1537 | D:2      | Reached skill level 1 in Dodging
  1697 | D:2      | Paralysed by an orc for 5 turns
  1903 | D:2      | Found a shimmering altar of Xom.
  2028 | D:2      | HP: 1/35 [orc priest/divine providence (9)]
  2028 | D:2      | Slain by an orc priest

Skill      XL: |  1  2  3  4 |
---------------+-------------+-----
Axes           | 2 |  2.4
Shields        | 3 |  3.2
Dodging        | 1 |  1.1
Fighting       | |  3.4
Armour         | |  2.9
Stealth        | |  0.3

Action                   |  1- 3 |  4- 6 || total
-------------------------+-------+-------++-------
Melee: War axe           |   153 |    78 ||   231
Armor: Scale mail        |    69 |    59 ||   128
Dodge: Dodged            |    48 |    34 ||    82
Block: Shield            |    75 |    52 ||   127
